Map: Proxima Station LE

Players

Scarlett - Winner!

  • Race: Zerg Zerg
  • Spawn Location: 1:00

Cham

  • Race: Zerg Zerg
  • Spawn Location: 7:00

Event: WCS Valencia 2017

VOD

Have the link to the VOD?

Description

Time

  • Played on: July 13, 2017, 1:46 p.m.
  • Length: 9:05

All games in this series

Show
View Real Time Build Order
Export as new Build Order

Scarlett Zerg - Winner!

Build Orders: Hatch First 

Get SALT Encoding   

  12  0:01  Drone  
  13  0:12  Overlord  
  13  0:17  Drone  
  14  0:31  Drone x2  
  14  0:35  Drone  
  17  0:52  Hatchery  
  17  0:55  Drone  
  17  0:59  Drone  
  18  1:11  Spawning Pool  
  18  1:14  Drone  
  18  1:18  Drone  
  19  1:28  Drone  
  20  1:42  Hatchery  
  19  1:52  Drone  
  20  1:58  Queen  
  22  2:03  Queen  
  22  2:04  Drone  
  22  2:07  Drone  
  26  2:10  Drone  
  26  2:13  Drone  
  28  2:18  Overlord  
  28  2:23  Overlord  
  28  2:36  Queen  
  30  2:39  Queen  
  30  2:40  Drone  
  30  2:42  Zergling x2  
  34  2:46  Drone  
  35  2:58  Drone x5  
  40  3:05  Extractor  
  39  3:08  Drone x5  
  39  3:12  Extractor, Drone  
  44  3:15  Drone x2  
  46  3:21  Overlord  
  46  3:24  Drone  
  47  3:27  Overlord  
  47  3:31  Drone x3  
  47  3:33  Extractor  
  49  3:37  Drone  
  49  3:39  Overlord  
  50  3:44  Drone x2  
  50  3:45  Roach Warren  
  50  3:47  Drone x2  
  53  3:50  Drone x2  
  53  3:51  Drone  
  53  3:53  Drone  
  57  3:56  Drone  
  57  3:58  Drone x2  
  57  4:01  Evolution Chamber  
  60  4:02  Drone  
  60  4:06  Drone  
  60  4:07  Drone x2  
  60  4:09  Drone  
  63  4:12  Drone  
  63  4:15  Drone  
  65  4:17  Lair  
  65  4:20  Zergling x2  
  65  4:23  Drone x4  
  70  4:25  Extractor  
  70  4:29  Zerg Missile Weapons Level 1  
  70  4:30  Overlord x2  
  69  4:33  Roach  
  71  4:39  Roach  
  71  4:40  Overlord x2  
  71  4:43  Extractor  
  71  4:45  Extractor  
  71  4:46  Drone x3  
  71  4:51  Drone x7  
  81  4:55  Roach  
  81  4:56  Roach  
  85  5:01  Overlord x2  
  85  5:07  Roach  
  85  5:13  Evolution Chamber  
  85  5:16  Roach x5  
  95  5:24  Glial Reconstitution  
  95  5:25  Roach x3  
  101  5:30  Hatchery  
  101  5:33  Roach x4  
  101  5:34  Overseer  
  108  5:36  Roach  
  108  5:40  Roach x2  
  114  5:44  Roach x3  
  114  5:48  Overlord x2  
  120  5:51  Overlord  
  120  5:59  Overlord  
  122  6:04  Roach  
  122  6:07  Overlord  
  122  6:08  Zerg Ground Armor Level 1  
  122  6:09  Roach x6  
  136  6:11  Roach  
  136  6:17  Overlord  
  136  6:19  Roach x3  
  136  6:23  Zerg Missile Weapons Level 2  
  142  6:31  Roach x4  
  150  6:35  Drone  
  150  6:37  Roach, Hydralisk Den  
  150  6:39  Overseer  
  152  6:40  Roach  
  152  6:41  Roach x3  
  152  6:46  Roach  
  166  6:47  Roach x2  
  166  6:51  Overlord  
  166  6:55  Overlord  
  166  7:06  Hydralisk x5, Muscular Augments  
  176  7:10  Overlord  
  176  7:11  Overlord  
  176  7:12  Hydralisk  
  176  7:14  Hydralisk  
  180  7:22  Hydralisk x4  
  188  7:30  Hydralisk x3  
  194  7:39  Extractor  
  194  7:40  Extractor, Ravager x3, Spine Crawler  
  194  7:41  Ravager  
  195  7:45  Ravager  
  195  7:48  Ravager  
  197  8:00  Ravager x3  
  200  8:26  Roach x5  
  198  8:28  Roach x2  
  166  8:34  Roach x13  
  158  8:45  Roach x9  
Show
View Real Time Build Order
Export as new Build Order

Cham Zerg 

Build Orders: Hatch First 

Get SALT Encoding   

  12  0:01  Drone  
  13  0:10  Drone  
  14  0:17  Overlord  
  14  0:36  Drone x3  
  17  0:53  Hatchery  
  17  0:55  Drone  
  17  1:00  Drone  
  18  1:12  Spawning Pool  
  18  1:16  Drone  
  18  1:21  Drone  
  19  1:31  Drone  
  20  1:42  Hatchery  
  19  1:55  Drone  
  19  1:58  Overlord  
  19  2:00  Queen  
  22  2:05  Zergling x2  
  23  2:13  Queen  
  25  2:16  Drone  
  25  2:19  Drone  
  25  2:22  Drone  
  28  2:26  Overlord  
  28  2:29  Drone  
  29  2:37  Queen  
  29  2:42  Drone  
  32  2:45  Overlord  
  32  2:52  Drone  
  32  2:53  Drone  
  32  2:55  Overlord  
  34  3:00  Drone x2  
  36  3:11  Drone x2  
  36  3:12  Drone x2  
  40  3:13  Drone  
  40  3:17  Extractor x2  
  38  3:20  Drone, Overlord  
  38  3:24  Drone  
  40  3:27  Drone  
  40  3:31  Overlord  
  41  3:35  Drone x4  
  41  3:37  Evolution Chamber  
  44  3:41  Drone  
  44  3:45  Overlord  
  44  3:46  Drone x3  
  48  3:49  Drone  
  48  3:50  Drone  
  48  3:52  Drone  
  48  3:54  Zergling x2  
  52  3:57  Zergling x2  
  52  4:01  Drone  
  54  4:05  Drone x3  
  57  4:10  Zerg Missile Weapons Level 1  
  57  4:12  Drone x3  
  60  4:17  Drone x2  
  60  4:18  Drone  
  60  4:19  Lair  
  60  4:21  Drone x2  
  66  4:24  Extractor, Drone x2  
  66  4:25  Extractor  
  66  4:26  Drone  
  66  4:27  Drone  
  66  4:29  Drone  
  68  4:35  Drone x2  
  68  4:36  Roach Warren  
  68  4:37  Extractor, Drone  
  70  4:38  Extractor, Drone  
  70  4:39  Drone  
  70  4:43  Overlord  
  70  4:50  Drone x5  
  70  4:52  Overlord  
  75  4:54  Drone x2  
  75  4:56  Drone  
  78  5:01  Overlord  
  78  5:16  Glial Reconstitution, Roach x2, Overlord x2  
  78  5:17  Roach  
  78  5:18  Roach x3  
  78  5:20  Roach x3  
  96  5:24  Roach x3  
  102  5:30  Roach x2  
  102  5:32  Overlord  
  102  5:33  Overlord x2  
  105  5:46  Roach x4  
  113  5:52  Hatchery  
  113  5:53  Roach x2  
  117  5:57  Roach, Overlord  
  117  6:01  Overseer  
  117  6:03  Roach  
  119  6:04  Overlord  
  119  6:07  Roach x5  
  125  6:21  Hatchery  
  125  6:22  Zerg Missile Weapons Level 2  
  125  6:24  Roach x2  
  128  6:26  Overlord  
  128  6:30  Roach x2  
  128  6:31  Roach x4  
  128  6:32  Ravager x5  
  145  6:33  Overlord  
  145  6:35  Roach x2  
  145  6:38  Overlord  
  149  6:42  Drone  
  149  6:43  Infestation Pit  
  149  6:44  Overlord  
  149  6:45  Roach  
  151  6:50  Drone  
  151  6:51  Roach x2  
  151  6:52  Evolution Chamber  
  151  6:53  Overlord  
  155  6:56  Roach x2  
  155  6:58  Roach  
  155  7:00  Roach  
  163  7:02  Roach  
  163  7:05  Overlord  
  165  7:11  Roach  
  165  7:13  Overlord  
  167  7:19  Hive  
  167  7:20  Overlord  
  167  7:26  Roach  
  167  7:27  Pneumatized Carapace  
  170  7:30  Drone  
  170  7:31  Roach x4, Hydralisk Den  
  170  7:34  Roach x2  
  181  7:38  Roach x2  
  185  7:47  Drone x4  
  185  7:50  Extractor  
  188  7:52  Extractor  
  188  7:56  Roach x6  
  199  8:00  Ravager  
  200  8:24  Roach x4  
  174  8:28  Roach  
  174  8:30  Roach x3  
  174  8:32  Roach  
  148  8:34  Roach x4  
  148  8:35  Roach x4  
  148  8:37  Roach x2  
  148  8:39  Roach  
  124  8:53  Roach Warren  
Tags
 
Add a new tag
Caveats
  • Supply blocks, unpowered buildings, or Contaminate may cause inaccurate times.
  • Supply counts are checked every 10 seconds.